| TOP OF THE 1ST |
|
Iowa Cubs batting - Pitching for Indianapolis Indians : LHP John Mandarino
|
|
Pitching: LHP John Mandarino
|
|
|
Batting: RHB Frank Caulfield
|
0-0: Ball 1-0: Called Strike 1-1: Ball 2-1: SINGLE (Line Drive, 56D, EV 95.6 MPH)
|
|
Batting: RHB Adam Kelliher
|
0-0: DOUBLE (Flyball, 89D, EV 98.1 MPH) Frank Caulfield to third
|
|
Batting: LHB Wing-tat Tai
|
0-0: Ball 1-0: SINGLE (Line Drive, 8RS, EV 98.1 MPH) Frank Caulfield scores Adam Kelliher to third
|
|
Batting: LHB Mark Ingram
|
0-0: Called Strike 0-1: Ball 1-1: SINGLE (Groundball, 4MD, EV 102.5 MPH) Adam Kelliher scores Wing-tat Tai to second
|
|
Batting: RHB Brad Santanello
|
0-0: Ball 1-0: Foul Ball, location: 2F 1-1: SINGLE (Flyball, 78S, EV 95.6 MPH) Wing-tat Tai to third Mark Ingram to second
|
|
Batting: SHB Karl Starnes
|
0-0: Swinging Strike 0-1: Swinging Strike 0-2: Ball 1-2: Ball 2-2: Ball 3-2: Foul Ball, location: 2F 3-2: Foul Ball, location: 2F 3-2: Strikes out swinging
|
|
Batting: RHB Tim Long
|
0-0: Foul Ball, location: 2F 0-1: Ball Passed Ball! Wing-tat Tai scores Mark Ingram to third Brad Santanello to second 1-1: Called Strike 1-2: Strikes out swinging
|
|
Batting: RHB Josh Asch
|
0-0: Foul Ball, location: 2F 0-1: Called Strike 0-2: Ball 1-2: Ball 2-2: Ball 3-2: Base on Balls
|
|
Batting: RHB Khalil Stephens
|
0-0: Ball 1-0: Foul Ball, location: 2F 1-1: Foul Ball, location: 2F 1-2: Ball 2-2: Foul Ball, location: 2F 2-2: Foul Ball, location: 2F 2-2: Ball 3-2: Foul Ball, location: 2F 3-2: Foul Ball, location: 2F 3-2: Strikes out swinging
|
| Top of the 1st over - 3 runs, 5 hits, 0 errors, 3 left on base; Iowa 3 - Indianapolis 0 |
| BOTTOM OF THE 1ST |
|
Indianapolis Indians batting - Pitching for Iowa Cubs : LHP Jose Carrillo
|
|
Pitching: LHP Jose Carrillo
|
|
|
Batting: RHB Bubba Tierney
|
0-0: Ground out 5-3 (Groundball, 56S, EV 71.9 MPH)
|
|
Batting: RHB Hugo Zacarias
|
0-0: Called Strike 0-1: Swinging Strike 0-2: Ball 1-2: Strikes out swinging
|
|
Batting: RHB Dave Fredericks
|
0-0: Swinging Strike 0-1: Foul Ball, location: 2F 0-2: Ground out 5-3 (Groundball, 5S, EV 85.0 MPH)
|
| Bottom of the 1st over - 0 runs, 0 hits, 0 errors, 0 left on base; Iowa 3 - Indianapolis 0 |
| TOP OF THE 2ND |
|
Iowa Cubs batting - Pitching for Indianapolis Indians : LHP John Mandarino
|
|
Batting: RHB Frank Caulfield
|
0-0: Ground out U3 (Groundball, 34, EV 102.5 MPH)
|
|
Batting: RHB Adam Kelliher
|
0-0: Called Strike 0-1: Called Strike 0-2: Foul Ball, location: 2F 0-2: Foul Ball, location: 2F 0-2: Ball 1-2: Fly out, F7 (Flyball, 7, EV 89.4 MPH)
|
|
Batting: LHB Wing-tat Tai
|
0-0: Swinging Strike 0-1: Swinging Strike 0-2: Ball 1-2: Foul Ball, location: 2F 1-2: Ball 2-2: SINGLE (Groundball, 6D, EV 96.9 MPH)
|
|
Batting: LHB Mark Ingram
|
0-0: Ball 1-0: Called Strike 1-1: Foul Ball, location: 2F 1-2: Foul Ball, location: 2F 1-2: Ball 2-2: Strikes out swinging
|
| Top of the 2nd over - 0 runs, 1 hit, 0 errors, 1 left on base; Iowa 3 - Indianapolis 0 |
| BOTTOM OF THE 2ND |
|
Indianapolis Indians batting - Pitching for Iowa Cubs : LHP Jose Carrillo
|
|
Batting: RHB Alain Marquet
|
0-0: Foul Ball, location: 2F 0-1: Foul Ball, location: 2F 0-2: Strikes out swinging
|
|
Batting: LHB Gregg Kellerman
|
0-0: Called Strike 0-1: Swinging Strike 0-2: Strikes out looking
|
|
Batting: RHB Hector Barajas
|
0-0: Ball 1-0: Swinging Strike 1-1: Called Strike 1-2: Strikes out swinging
|
| Bottom of the 2nd over - 0 runs, 0 hits, 0 errors, 0 left on base; Iowa 3 - Indianapolis 0 |
| TOP OF THE 3RD |
|
Iowa Cubs batting - Pitching for Indianapolis Indians : LHP John Mandarino
|
|
Batting: RHB Brad Santanello
|
0-0: Ball 1-0: Ball 2-0: Swinging Strike 2-1: Ground out 4-3 (Groundball, 4, EV 93.1 MPH)
|
|
Batting: SHB Karl Starnes
|
0-0: Fly out, F4 (Popup, 4M, EV 69.4 MPH)
|
|
Batting: RHB Tim Long
|
0-0: Called Strike 0-1: Ball 1-1: Swinging Strike 1-2: Ball 2-2: Ball 3-2: Reached on error, E4 (Flyball, 4D, EV 90.6 MPH)
|
|
Batting: RHB Josh Asch
|
0-0: Ball 1-0: Ball 2-0: Called Strike 2-1: Swinging Strike 2-2: Strikes out swinging
|
| Top of the 3rd over - 0 runs, 0 hits, 1 error, 1 left on base; Iowa 3 - Indianapolis 0 |
| BOTTOM OF THE 3RD |
|
Indianapolis Indians batting - Pitching for Iowa Cubs : LHP Jose Carrillo
|
|
Batting: LHB Edwin Aguilar
|
0-0: Called Strike 0-1: Ball 1-1: Ball 2-1: Called Strike 2-2: Ball 3-2: Foul Ball, location: 2F 3-2: Strikes out looking
|
|
Batting: LHB Jorge Quintana
|
0-0: Called Strike 0-1: Swinging Strike 0-2: SINGLE (Groundball, 4MD, EV 96.2 MPH)
|
|
Batting: LHB Donald Imre
|
0-0: Swinging Strike 0-1: Foul Ball, location: 2F 0-2: Strikes out swinging
|
|
Batting: RHB Bubba Tierney
|
0-0: Ball 1-0: Called Strike 1-1: Ball 2-1: Swinging Strike 2-2: Hit by Pitch Jorge Quintana to second
|
|
Batting: RHB Hugo Zacarias
|
0-0: Fly out, F9 (Flyball, 9, EV 90.0 MPH)
|
| Bottom of the 3rd over - 0 runs, 1 hit, 0 errors, 2 left on base; Iowa 3 - Indianapolis 0 |
| TOP OF THE 4TH |
|
Iowa Cubs batting - Pitching for Indianapolis Indians : LHP John Mandarino
|
|
Batting: RHB Khalil Stephens
|
0-0: Called Strike 0-1: Foul Ball, location: 2F 0-2: Ball 1-2: Ball 2-2: Fly out, F7 (Flyball, 78M, EV 93.1 MPH)
|
|
Batting: RHB Frank Caulfield
|
0-0: Ball 1-0: Fly out, F3 (Line Drive, 34, EV 70.0 MPH)
|
|
Batting: RHB Adam Kelliher
|
0-0: Called Strike 0-1: Swinging Strike 0-2: Ball 1-2: Fly out, F8 (Flyball, 8RD, EV 98.8 MPH)
|
| Top of the 4th over - 0 runs, 0 hits, 0 errors, 0 left on base; Iowa 3 - Indianapolis 0 |
| BOTTOM OF THE 4TH |
|
Indianapolis Indians batting - Pitching for Iowa Cubs : LHP Jose Carrillo
|
|
Batting: RHB Dave Fredericks
|
0-0: Ball 1-0: Foul Ball, location: 2F 1-1: Ball 2-1: Ball 3-1: Foul Ball, location: 2F 3-2: Base on Balls
|
|
Batting: RHB Alain Marquet
|
0-0: Ball 1-0: Swinging Strike 1-1: Ball 2-1: Reached on error, E4 (Groundball, 4, EV 102.5 MPH) Dave Fredericks to second
|
|
Batting: LHB Gregg Kellerman
|
0-0: Swinging Strike 0-1: Called Strike 0-2: Fly out, F9 (Flyball, 9, EV 90.6 MPH)
|
|
Batting: RHB Hector Barajas
|
0-0: Grounds into double play, 5-4-3 (Groundball, 56, EV 86.2 MPH)
|
| Bottom of the 4th over - 0 runs, 0 hits, 1 error, 1 left on base; Iowa 3 - Indianapolis 0 |
| TOP OF THE 5TH |
|
Iowa Cubs batting - Pitching for Indianapolis Indians : LHP John Mandarino
|
|
Batting: LHB Wing-tat Tai
|
0-0: Called Strike 0-1: Ball 1-1: Foul Ball, location: 2F 1-2: Strikes out looking
|
|
Batting: LHB Mark Ingram
|
0-0: Ball 1-0: Ball 2-0: Called Strike 2-1: Called Strike 2-2: Foul Ball, location: 2F 2-2: Strikes out looking
|
|
Batting: RHB Brad Santanello
|
0-0: Foul Ball, location: 2F 0-1: Called Strike 0-2: Ball 1-2: Ball 2-2: Ball 3-2: Fly out, F8 (Flyball, 78M, EV 92.5 MPH)
|
| Top of the 5th over - 0 runs, 0 hits, 0 errors, 0 left on base; Iowa 3 - Indianapolis 0 |
| BOTTOM OF THE 5TH |
|
Indianapolis Indians batting - Pitching for Iowa Cubs : LHP Jose Carrillo
|
|
Batting: LHB Edwin Aguilar
|
0-0: Ball 1-0: Ground out U3 (Groundball, 3, EV 108.1 MPH)
|
|
Batting: LHB Jorge Quintana
|
0-0: Ball 1-0: Foul Ball, location: 2F 1-1: Called Strike 1-2: Strikes out swinging
|
|
Batting: LHB Donald Imre
|
0-0: Ball 1-0: Called Strike 1-1: Foul Ball, location: 2F 1-2: Ground out 3-1 (Groundball, 34S, EV 85.6 MPH)
|
| Bottom of the 5th over - 0 runs, 0 hits, 0 errors, 0 left on base; Iowa 3 - Indianapolis 0 |
| TOP OF THE 6TH |
|
Iowa Cubs batting - Pitching for Indianapolis Indians : LHP John Mandarino
|
|
Pitching: RHP Doug Rawson
|
|
|
Batting: SHB Karl Starnes
|
0-0: Ball 1-0: Foul Ball, location: 2F 1-1: Ball 2-1: Ball 3-1: Called Strike 3-2: Foul Ball, location: 2F 3-2: Foul Ball, location: 2F 3-2: DOUBLE (Flyball, 78XD, EV 98.1 MPH)
|
|
Batting: RHB Tim Long
|
0-0: Called Strike 0-1: Swinging Strike 0-2: Strikes out swinging
|
|
Batting: RHB Josh Asch
|
0-0: Ball 1-0: Ground out 5-3 (Groundball, 56S, EV 83.8 MPH)
|
|
Batting: RHB Khalil Stephens
|
0-0: Ground out 5-3 (Groundball, 56, EV 110.0 MPH)
|
| Top of the 6th over - 0 runs, 1 hit, 0 errors, 1 left on base; Iowa 3 - Indianapolis 0 |
| BOTTOM OF THE 6TH |
|
Indianapolis Indians batting - Pitching for Iowa Cubs : LHP Jose Carrillo
|
|
Batting: RHB Bubba Tierney
|
0-0: Called Strike 0-1: SINGLE (Groundball, 3, EV 103.1 MPH)
|
|
Batting: RHB Hugo Zacarias
|
0-0: Called Strike 0-1: Ball 1-1: SINGLE (Line Drive, 5D, EV 100.6 MPH) Bubba Tierney to second Runner from 2nd tries for 3rd, SAFE, throw by LF made to third
|
|
Batting: RHB Dave Fredericks
|
0-0: Called Strike 0-1: Ball 1-1: SINGLE (Flyball, 3D, EV 93.8 MPH) Bubba Tierney scores Hugo Zacarias to second
|
|
Batting: RHB Alain Marquet
|
0-0: Grounds into double play, U4-3 (Groundball, 6M, EV 79.4 MPH) Hugo Zacarias to third
|
|
Batting: LHB Gregg Kellerman
|
0-0: Ball 1-0: Ground out U3 (Groundball, 34, EV 88.1 MPH)
|
| Bottom of the 6th over - 1 run, 3 hits, 0 errors, 1 left on base; Iowa 3 - Indianapolis 1 |
| TOP OF THE 7TH |
|
Iowa Cubs batting - Pitching for Indianapolis Indians : RHP Doug Rawson
|
|
Batting: RHB Frank Caulfield
|
0-0: Fly out, F6 (Flyball, 56D, EV 84.4 MPH)
|
|
Batting: RHB Adam Kelliher
|
0-0: Called Strike 0-1: Ball 1-1: Foul Ball, location: 2F 1-2: Ball 2-2: Ball 3-2: Strikes out looking
|
|
Batting: LHB Wing-tat Tai
|
0-0: Called Strike 0-1: Ball 1-1: Foul Ball, location: 2F 1-2: Ball 2-2: Fly out, F8 (Flyball, 8LM, EV 85.0 MPH)
|
| Top of the 7th over - 0 runs, 0 hits, 0 errors, 0 left on base; Iowa 3 - Indianapolis 1 |
| BOTTOM OF THE 7TH |
|
Indianapolis Indians batting - Pitching for Iowa Cubs : LHP Jose Carrillo
|
|
Batting: RHB Hector Barajas
|
0-0: Called Strike 0-1: Called Strike 0-2: Ball 1-2: Strikes out swinging
|
|
Batting: LHB Edwin Aguilar
|
0-0: Ball 1-0: Swinging Strike 1-1: Swinging Strike 1-2: Strikes out looking
|
|
Batting: LHB Jorge Quintana
|
0-0: Foul Ball, location: 2F 0-1: Ground out 4-3 (Groundball, 4, EV 81.2 MPH)
|
| Bottom of the 7th over - 0 runs, 0 hits, 0 errors, 0 left on base; Iowa 3 - Indianapolis 1 |
| TOP OF THE 8TH |
|
Iowa Cubs batting - Pitching for Indianapolis Indians : RHP Doug Rawson
|
|
Pitching: RHP Hugo Rodriguez
|
|
|
Batting: LHB Mark Ingram
|
0-0: Ball 1-0: Ball 2-0: Ball 3-0: Base on Balls
|
|
Batting: RHB Brad Santanello
|
0-0: Ball 1-0: Foul Ball, location: 2F 1-1: Ball 2-1: Foul Ball, location: 2F 2-2: Strikes out looking
|
|
Batting: SHB Karl Starnes
|
0-0: Ball 1-0: Ball 2-0: Ball 3-0: Called Strike 3-1: Base on Balls Mark Ingram to second
|
|
Batting: RHB Tim Long
|
0-0: Foul Ball, location: 2F 0-1: Swinging Strike 0-2: Strikes out swinging
|
|
Batting: RHB Josh Asch
|
0-0: Swinging Strike 0-1: Called Strike 0-2: Strikes out looking
|
| Top of the 8th over - 0 runs, 0 hits, 0 errors, 2 left on base; Iowa 3 - Indianapolis 1 |
| BOTTOM OF THE 8TH |
|
Indianapolis Indians batting - Pitching for Iowa Cubs : LHP Jose Carrillo
|
|
Batting: LHB Donald Imre
|
0-0: Ball 1-0: Ball 2-0: Fly out, F7 (Flyball, 7D, EV 92.5 MPH)
|
|
Batting: RHB Bubba Tierney
|
0-0: Foul Ball, location: 2F 0-1: Ball 1-1: Ball 2-1: Ball 3-1: Reached on error, E4 (Groundball, 34D, EV 101.2 MPH)
|
|
Batting: RHB Hugo Zacarias
|
0-0: Ball 1-0: Foul Ball, location: 2F 1-1: Foul Ball, location: 2F 1-2: Strikes out swinging
|
|
Pitching: RHP Jorge Mora
|
|
|
Batting: RHB Dave Fredericks
|
0-0: Ball 1-0: Ball 2-0: Called Strike 2-1: Ground out 6-3 (Groundball, 56, EV 89.4 MPH)
|
| Bottom of the 8th over - 0 runs, 0 hits, 1 error, 1 left on base; Iowa 3 - Indianapolis 1 |
| TOP OF THE 9TH |
|
Iowa Cubs batting - Pitching for Indianapolis Indians : RHP Hugo Rodriguez
|
|
Pitching: RHP Justin Ashton
|
|
|
Batting: RHB Khalil Stephens
|
0-0: Ball 1-0: Called Strike 1-1: Swinging Strike 1-2: Strikes out looking
|
|
Batting: RHB Frank Caulfield
|
0-0: Ball 1-0: Foul Ball, location: 2F 1-1: Ball 2-1: Fly out, F3 (Popup, 3F, EV 68.1 MPH)
|
|
Batting: RHB Adam Kelliher
|
0-0: Called Strike 0-1: Ball 1-1: Ground out 5-3 (Groundball, 56, EV 98.1 MPH)
|
| Top of the 9th over - 0 runs, 0 hits, 0 errors, 0 left on base; Iowa 3 - Indianapolis 1 |
| BOTTOM OF THE 9TH |
|
Indianapolis Indians batting - Pitching for Iowa Cubs : RHP Jorge Mora
|
|
Pitching: RHP Carlos Dominguez
|
|
|
Batting: RHB Alain Marquet
|
0-0: Called Strike 0-1: Ball 1-1: Called Strike 1-2: Strikes out swinging
|
|
Batting: LHB Gregg Kellerman
|
0-0: Ground out 1-3 (Groundball, 34S, EV 68.1 MPH)
|
|
Batting: RHB Hector Barajas
|
0-0: Fly out, F7 (Flyball, 78S, EV 76.2 MPH)
|
| Bottom of the 9th over - 0 runs, 0 hits, 0 errors, 0 left on base; Iowa 3 - Indianapolis 1 |
|